Map: Eternal Empire LE

Players

PtitDrogo

  • Race: Protoss Protoss
  • League: Grandmaster
  • Spawn Location: 1:00

Geralt (Gerald) - Winner!

  • Race: Protoss Protoss
  • League: Grandmaster
  • Spawn Location: 7:00

Event: DreamHack SC2 Masters 2020 Summer Europe

VOD

Have the link to the VOD?

Description

Time

  • Played on: June 30, 2020, 1:15 p.m.
  • Length: 15:31

All games in this series

Show
View Real Time Build Order
Export as new Build Order

PtitDrogo Protoss 

Build Orders: Phoenix Opening, Blink Stalkers 

Get SALT Encoding   

  12  0:00  Probe  
  13  0:12  Probe  
  14  0:17  Pylon  
  14  0:23  Probe  
  15  0:31  Probe  
  15  0:38  Gateway  
  15  0:40  Probe  
  16  0:46  Assimilator  
  17  0:51  Probe  
  17  0:55  Assimilator  
  18  0:59  Probe  
  19  1:07  Probe  
  19  1:10  Gateway  
  19  1:18  Probe  
  20  1:24  Cybernetics Core  
  21  1:30  Probe  
  22  1:35  Pylon  
  22  1:42  Probe  
  23  2:00  Stalker  
  23  2:01  Sentry  
  27  2:04  Warp Gate  
  27  2:06  Probe, Pylon  
  28  2:27  Stalker  
  30  2:30  Stalker  
  30  2:36  Phoenix  
  31  2:45  Nexus  
  31  2:47  Probe  
  32  2:54  Shield Battery  
  32  3:03  Probe  
  33  3:10  Sentry x2  
  33  3:12  Pylon  
  37  3:15  Probe  
  38  3:24  Probe  
  38  3:31  Twilight Council  
  38  3:32  Probe  
  40  3:41  Probe  
  40  3:44  Phoenix, Forge  
  40  3:47  Blink  
  41  3:49  Probe  
  41  3:53  Probe  
  42  3:57  Probe  
  42  4:01  Probe  
  44  4:08  Probe  
  44  4:09  Probe  
  46  4:10  Protoss Ground Weapons Level 1  
  47  4:17  Probe  
  47  4:18  Phoenix  
  47  4:20  Probe  
  47  4:23  Gateway  
  49  4:25  Probe  
  50  4:31  Pylon  
  50  4:32  Probe  
  50  4:37  Probe  
  52  4:42  Assimilator  
  52  4:44  Probe  
  53  4:50  Probe  
  54  4:54  Phoenix  
  54  4:56  Nexus  
  54  4:57  Probe  
  55  5:04  Robotics Facility, Probe  
  56  5:09  Stalker  
  59  5:14  Probe  
  59  5:16  Stalker  
  59  5:17  Stalker  
  63  5:23  Probe  
  63  5:24  Pylon  
  64  5:32  Stalker  
  66  5:36  Probe  
  66  5:39  Stalker  
  69  5:43  Stalker  
  69  5:44  Charge, Pylon  
  69  5:47  Phoenix  
  71  5:52  Shield Battery  
  72  5:57  Observer  
  72  6:01  Stalker  
  72  6:04  Probe x2  
  72  6:08  Stalker  
  72  6:10  Gateway x2, Stalker, Protoss Ground Weapons Level 2  
  78  6:15  Gateway  
  78  6:22  Warp Prism  
  78  6:25  Probe x2  
  82  6:26  Probe  
  83  6:33  Stalker x2  
  83  6:37  Stalker  
  89  6:51  Pylon x2  
  89  6:57  Stalker x2  
  89  7:00  Gateway  
  89  7:01  Stalker  
  95  7:06  Pylon  
  95  7:07  Pylon  
  95  7:12  Stalker x2  
  95  7:15  Stalker  
  101  7:24  Stalker x2  
  101  7:31  Zealot  
  101  7:34  Pylon  
  101  7:35  Gateway  
  101  7:36  Zealot x2  
  105  7:50  Stalker x3  
  102  7:53  Zealot  
  102  7:57  Stalker x2  
  108  7:58  Zealot  
  102  8:14  Zealot x4  
  102  8:19  Zealot  
  106  8:22  Zealot x2  
  106  8:24  Protoss Ground Weapons Level 3  
  94  8:31  Zealot  
  94  8:34  Zealot x4  
  86  8:41  Dark Shrine  
  88  8:43  Assimilator  
  88  8:44  Assimilator  
  88  8:48  Assimilator  
  88  8:50  Probe x3  
  88  8:52  Sentry, Zealot x3  
  99  9:04  Photon Cannon  
  99  9:06  Probe x2  
  101  9:11  Robotics Bay  
  101  9:16  Robotics Facility  
  101  9:20  Zealot  
  101  9:21  Zealot x2  
  101  9:23  Zealot  
  109  9:41  Probe  
  109  9:43  Observer  
  109  9:44  Zealot x3  
  117  9:53  Probe  
  117  9:56  Disruptor  
  116  10:01  Disruptor  
  116  10:06  Stalker x2  
  124  10:08  Stalker x5  
  124  10:11  Dark Templar  
  126  10:24  Nexus  
  126  10:27  Pylon  
  126  10:32  Disruptor  
  127  10:39  Disruptor  
  126  10:45  Dark Templar  
  128  10:54  Zealot x5  
  136  11:07  Disruptor  
  130  11:15  Disruptor  
  130  11:22  Probe x3  
  131  11:34  Probe  
  131  11:38  Disruptor  
  132  11:40  Stalker x5  
  132  11:41  Stalker  
  132  11:42  Probe  
  132  11:45  Probe x2  
  151  11:59  Probe  
  151  12:00  Stalker x2  
  150  12:06  Zealot x4  
  127  12:30  Stalker x6  
  97  12:46  Probe  
  81  12:54  Probe  
  81  12:55  Robotics Facility  
  81  12:56  Robotics Facility  
  78  12:58  Stalker x4  
  75  13:17  Probe x2  
  75  13:18  Probe  
  76  13:27  Stalker x7  
  76  13:29  Probe x2  
  76  13:30  Probe  
  76  13:32  Disruptor  
  91  13:39  Assimilator  
  92  14:00  Robotics Facility, Probe x2  
  92  14:02  Probe  
  95  14:10  Disruptor  
  95  14:12  Probe  
  95  14:13  Stalker  
  88  14:20  Stalker x3  
  97  14:30  Stalker  
  99  14:34  Stalker  
  101  14:40  Stalker  
  101  14:41  Sentry  
  101  14:45  Disruptor  
  99  14:48  Disruptor  
  100  15:03  Stalker x2  
  84  15:26  Stalker x3  
Show
View Real Time Build Order
Export as new Build Order

Geralt Protoss - Winner!

Build Orders: Blink Stalkers 

Get SALT Encoding   

  12  0:00  Probe  
  13  0:12  Probe  
  14  0:17  Pylon  
  14  0:22  Probe  
  15  0:31  Probe  
  16  0:38  Gateway  
  16  0:40  Probe  
  16  0:46  Assimilator  
  17  0:52  Probe  
  17  0:54  Assimilator  
  18  1:00  Probe  
  19  1:07  Gateway  
  19  1:08  Probe  
  20  1:18  Probe  
  20  1:25  Cybernetics Core  
  21  1:30  Probe  
  22  1:33  Pylon  
  22  1:42  Probe  
  23  1:54  Probe  
  23  2:01  Stalker x2, Warp Gate  
  28  2:06  Probe  
  29  2:13  Pylon  
  29  2:19  Probe  
  30  2:35  Probe  
  30  2:43  Nexus  
  30  2:47  Probe  
  31  2:59  Twilight Council, Probe  
  32  3:06  Sentry x2  
  36  3:18  Pylon, Probe  
  37  3:27  Forge  
  37  3:30  Probe  
  38  3:35  Protoss Ground Weapons Level 1  
  38  3:39  Blink  
  38  3:41  Probe  
  39  3:48  Gateway  
  39  3:49  Probe  
  39  3:55  Probe  
  41  3:57  Probe  
  42  4:07  Probe  
  42  4:08  Probe  
  44  4:14  Shield Battery  
  44  4:15  Probe  
  44  4:17  Stalker  
  44  4:18  Probe  
  44  4:23  Probe  
  48  4:26  Probe  
  50  4:33  Probe  
  50  4:35  Assimilator  
  50  4:37  Probe  
  52  4:38  Stalker  
  52  4:42  Gateway  
  54  4:47  Robotics Facility  
  54  4:52  Pylon  
  54  4:57  Stalker x2  
  58  5:02  Pylon, Probe  
  60  5:19  Stalker  
  60  5:20  Stalker x2  
  65  5:27  Nexus  
  65  5:35  Observer  
  66  5:36  Probe x2  
  66  5:39  Gateway, Protoss Ground Weapons Level 2  
  68  5:44  Pylon  
  68  5:45  Gateway  
  68  5:53  Probe x2  
  68  5:54  Charge  
  70  6:03  Pylon  
  70  6:05  Probe  
  70  6:07  Probe  
  70  6:09  Assimilator  
  72  6:14  Pylon  
  72  6:17  Probe  
  73  6:19  Probe  
  74  6:29  Probe  
  74  6:31  Probe  
  76  6:41  Probe  
  76  6:43  Probe, Pylon  
  76  6:48  Probe  
  76  6:53  Probe  
  78  6:54  Stalker x3  
  78  6:55  Stalker x3, Probe  
  78  6:59  Shield Battery  
  78  7:00  Probe  
  92  7:03  Gateway  
  92  7:07  Photon Cannon, Shield Battery  
  92  7:08  Probe x2  
  94  7:11  Robotics Bay  
  94  7:15  Pylon  
  94  7:25  Stalker x5  
  100  7:31  Probe  
  100  7:32  Probe  
  100  7:36  Pylon  
  102  7:40  Gateway  
  102  7:46  Stalker  
  100  7:52  Stalker x5  
  110  8:06  Stalker  
  110  8:08  Assimilator  
  110  8:13  Stalker  
  110  8:17  Stalker x3  
  116  8:25  Stalker  
  115  8:28  Stalker  
  115  8:35  Stalker  
  115  8:38  Pylon  
  115  8:40  Pylon  
  117  8:41  Protoss Shields Level 1  
  117  8:42  Pylon  
  117  8:43  Photon Cannon, Pylon  
  117  8:44  Photon Cannon, Pylon  
  117  8:45  Assimilator  
  117  8:49  Disruptor  
  117  8:50  Pylon  
  117  8:59  Pylon  
  117  9:02  Robotics Facility  
  120  9:05  Photon Cannon  
  120  9:13  Disruptor  
  120  9:25  Nexus  
  120  9:26  Nexus  
  123  9:33  Dark Shrine  
  123  9:38  Disruptor, Observer  
  123  9:43  Disruptor  
  123  9:47  Probe  
  123  9:50  Pylon  
  130  10:08  Disruptor  
  130  10:10  Stalker x5  
  142  10:16  Disruptor  
  142  10:19  Probe  
  146  10:23  Photon Cannon, Shield Battery  
  146  10:27  Photon Cannon  
  146  10:40  Stalker x7, Probe  
  161  10:44  Observer  
  162  10:52  Disruptor  
  165  10:58  Probe x3  
  168  11:06  Observer  
  169  11:11  Observer  
  169  11:15  Probe  
  170  11:21  Dark Templar x4  
  176  11:27  Disruptor  
  177  11:40  Probe x2  
  177  11:41  Assimilator  
  177  11:42  Assimilator  
  177  11:44  Probe  
  180  11:48  Pylon  
  180  11:52  Dark Templar  
  180  11:53  Dark Templar x2  
  186  11:54  Dark Templar  
  159  12:02  Disruptor  
  158  12:22  Stalker x3  
  160  12:27  Stalker x2  
  157  12:33  Zealot x2  
  131  12:54  Disruptor  
  131  12:55  Probe  
  131  12:56  Probe  
  131  12:58  Nexus  
  136  13:04  Nexus  
  136  13:07  Probe  
  130  13:16  Probe  
  130  13:19  Disruptor  
  134  13:25  Probe  
  132  13:29  Disruptor  
  132  13:32  Probe  
  136  13:38  Probe  
  136  13:40  Photon Cannon  
  137  13:41  Photon Cannon  
  137  13:44  Probe  
  138  13:50  Zealot x5, Probe  
  138  13:54  Disruptor, Shield Battery  
  150  14:03  Pylon  
  150  14:04  Pylon  
  150  14:06  Pylon  
  150  14:09  Observer  
  137  14:20  Stalker x2  
  137  14:21  Stalker x4  
  145  14:28  Probe  
  144  14:56  Stalker x6  
  147  15:15  Zealot  
Tags
 
Add a new tag
Caveats
  • Supply blocks, unpowered buildings, or Contaminate may cause inaccurate times.
  • Supply counts are checked every 10 seconds.